 Dungeon Crawl Stone Soup version 0.31-a0-889-g1a8549509d (webtiles) character file.

Game seed: 17428541939150858852

27 Kuronicle the Changeling (level 2, 0/23 HPs)
             Began as a Demigod Shapeshifter on Oct 16, 2023.
             Slain by a worm (5 damage)
             ... on level 2 of the Dungeon.
             The game lasted 00:02:27 (1418 turns).

Kuronicle the Changeling (Demigod Shapeshifter)     Turns: 1418, Time: 00:02:28

Health: 0/23       AC:  3    Str: 15    XL:     2   Next: 72%
Magic:  4/4        EV: 12    Int: 12    God:
Gold:   60         SH:  0    Dex: 13    Spells: 1/1 levels left

rFire   . .          .
                       - Unarmed
rCold   . . .        (no shield)
rNeg    . . .        h - +0 leather armour
rPois   .            b - melded +0 helmet
rElec   .            (cloak currently unavailable)
rCorr   .            (gloves currently unavailable)
SInv    .            (boots currently unavailable)
Will    .....        j - amulet of regeneration
Stlth   +            (no ring)
HPRegen 1.03/turn    (no ring)
MPRegen 0.09/turn

%: no passive effects
@: beast-form
A: beast (slay +1), high MP 1, forlorn, divine attributes
a: Begin Untransformation


You were on level 2 of the Dungeon.
You were a hulking beast.
You visited 1 branch of the dungeon, and saw 2 of its levels.

You collected 60 gold pieces.

Inventory:

Hand Weapons
 k - a +0 short sword
Armour
 b - a +0 helmet (melded)
 h - a +0 leather armour (worn)
Jewellery
 g - a ring of fire
 j - an amulet of regeneration (around neck)
Talismans
 c - a beast talisman (active)
 d - a flux talisman
Scrolls
 f - a scroll of enchant armour {unknown}
 i - a scroll of blinking {unknown}
Potions
 a - 2 potions of curing
 e - a potion of haste {unknown}


   Skills:
 * Level 1.1 Fighting
 - Level 2.0 Dodging
 - Level 3.0 Unarmed Combat
 * Level 3.2 Shapeshifting


You had one spell level left.
You didn't know any spells.
Your spell library contained the following spells:

 Spells                   Type           Power      Damage    Failure   Level
 Necrotise                Necr           0%         1d4       38%         1
 Vampiric Draining        Necr           0%         2d6       77%         3
 Agony                    Necr           0%         N/A       100%        5


Dungeon Overview and Level Annotations

Branches:
Dungeon (2/15)


Innate Abilities, Weirdness & Mutations

You are a hulking beast.
Your limbs bulge with bestial killing power. (Slay +1)
You have an increased reservoir of magic. (+10% MP)
You shall have no god before yourself.
Your divine heritage dramatically boosts your attributes as you level up.


Message History

The worm is moderately wounded.
The rat closely misses you.
You hit the worm.
The worm is heavily wounded.
The rat bites you. The worm bites you but does no damage.
You are too injured to fight recklessly!
You are too injured to fight recklessly!
You are too injured to fight recklessly!
You barely miss the worm. You punch the worm.
The worm is almost dead.
The rat barely misses you.
You barely miss the worm.
The worm is almost dead.
The worm misses you. The rat misses you.
You barely miss the worm.
The worm is almost dead.
The rat bites you but does no damage.
You hit the worm but do no damage.
The worm is almost dead.
The worm bites you!
* * * LOW HITPOINT WARNING * * *
You barely miss the worm.
The worm is severely wounded.
The rat bites you.
* * * LOW HITPOINT WARNING * * *
The worm bites you.
* * * LOW HITPOINT WARNING * * *
You barely miss the rat. The rat bites you.
* * * LOW HITPOINT WARNING * * *
You hit the rat.
You kill the rat!
You hit the worm but do no damage. You hit the worm.
The worm is moderately wounded.
The worm bites you.
* * * LOW HITPOINT WARNING * * *
You hit the worm.
The worm is moderately wounded.
The worm bites you.
You die...

............#####<#
#...†.........#
#..############
##..# ##.#####.†.#
...........#
##..####...# ###.#
##h## #w##
.......w# .^^.....#
.^.>..#.# ......#.#
.....##.# .(..# #..
...# ##.


You could see 2 worms.

Vanquished Creatures
  2 ball pythons (D:2)
  3 bats (D:1)
  3 endoplasms
  3 goblins (D:1)
  4 hobgoblins (D:1)
  4 frilled lizards
  2 kobolds (D:1)
  4 rats
25 creatures vanquished.

Notes
Turn   | Place    | Note
-------+----------+-------------------------------------------
     0 | D:1      | Kuronicle the Demigod Shapeshifter began the quest for the
                  | Orb.
     0 | D:1      | Reached XP level 1. HP: 15/15 MP: 3/3
   442 | D:1      | Reached XP level 2. HP: 22/22 MP: 4/4
   510 | D:1      | Reached skill level 1 in Fighting
  1418 | D:2      | Slain by a worm

Illustrated notes

Levels and vault maps discovered:
D:1:      elethiomel_arrival_maze, layout_basic
D:2:      layout_loops_ring, nicolae_wormholes

Skill      XL: |  1  2 |
---------------+-------+-----
Dodging        | 2 |  2.0
Shapeshifting  | 3 |  3.2
Fighting       | 1 |  1.1
Unarmed Combat | 3 |  3.0

Action                     || total
---------------------------++-------
  Melee: Unarmed           ||    77
         Punch             ||     1
    Use: Scroll            ||     2
         Potion            ||     1
 Armour: Leather armour    ||    35
         Animal skin       ||     1
  Dodge: Dodged            ||    34
   Form: Beast             ||     1
         Flux              ||     1

Table legend: (Time is in decaauts)
 A = Elapsed time spent in this place.
 B = Non-inter-level travel time spent in this place.
 C = Inter-level travel time spent in this place.
 D = Time resting spent in this place.
 E = Time spent auto-exploring this place.
 F = Levels seen in this place.
 G = Mean time per level.
                   A        B        C        D        E       F      G
               +--------+--------+--------+--------+--------+-----+--------+
         Total |   1412 |   1284 |    128 |     24 |   1020 |   2 |  706.0 |
       Dungeon |   1412 |   1284 |    128 |     24 |   1020 |   2 |  706.0 |
               +--------+--------+--------+--------+--------+-----+--------+

Top non-repeatable levels by time:
     D:1: 1366 daAuts
     D:2: 45 daAuts
